 Dungeon Crawl Stone Soup version 0.29.1-1-gd02db6906a (webtiles) character file.

Game seed: 4926503358883619125

19940 lonewolfV2 the Cleaver (level 12, -14/97 HPs)
             Began as a Gnoll Berserker on Oct 16, 2022.
             Was a High Priest of Trog.
             Demolished by a skeletal warrior
             ... wielding a +0 war axe
              (27 damage)
             ... on level 13 of the Dungeon.
             The game lasted 00:27:40 (15237 turns).

lonewolfV2 the Cleaver (Gnoll Berserker)           Turns: 15237, Time: 00:27:41

Health: -14/97     AC: 10    Str: 37    XL:     12   Next: 74%
Magic:  23/23      EV: 16    Int:  4    God:    Trog [*****.]
Gold:   867        SH:  5    Dex: 15    Spells: 26/26 levels left

rFire   . . .      SeeInvis .   d - +3 battleaxe of the Tooth {spect, +Blink rCorr}
rCold   + . .      Faith    .   (shield currently unavailable)
rNeg    . . .      Spirit   .   o - +2 robe "Lyguogue" {Drain rC+ Dex+4}
rPois   .          Reflect  +   k - +2 helmet of Spite {Str+3 Int-3 Slay+3}
rElec   .          Harm     .   (no cloak)
rCorr   +          Rampage  .   x - +1 pair of gloves
Will    .....                   (no boots)
Stlth   ++++......              E - amulet of reflection
HPRegen 0.26/turn               f - +6 ring of strength
MPRegen 0.18/turn               i - +6 ring of strength

@: about to teleport
A: fangs 1, strong nose, distributed training
a: Renounce Religion, Evoke Blink, Berserk, Trog's Hand, Brothers in Arms


You were on level 13 of the Dungeon.
You worshipped Trog.
Trog was extremely pleased with you.
You visited 1 branch of the dungeon, and saw 13 of its levels.
You also visited: Ossuary.

You collected 867 gold pieces.

Inventory:

Hand Weapons
 d - the +3 battleaxe of the Tooth (weapon) {spect, +Blink rCorr}
   (You acquired it on level 2 of the Dungeon)

   When its wielder attacks, the weapon's spirit leaps out and strikes again.
   The spirit shares a part of any damage it takes with its wielder.
   +Blink:    It lets you blink.
   rCorr:     It protects you from acid and corrosion.
 I - a +2 vorpal trident
Missiles
 z - a throwing net
Armour
 b - a +1 animal skin
 k - the +2 helmet of Spite (worn) {Str+3 Int-3 Slay+3}
   (You found it on level 2 of the Dungeon)

   Str:       It affects your strength (+3).
   Int:       It affects your intelligence (-3).
   Slay:      It affects your accuracy & damage with ranged weapons and melee
   (+3).
 o - the +2 robe "Lyguogue" (worn) {Drain rC+ Dex+4}
   (You found it on level 2 of the Dungeon)

   Dex:       It affects your dexterity (+4).
   rC:        It protects you from cold.
   Drain:     It drains your maximum health when unequipped.
 x - a +1 pair of gloves (worn)
Jewellery
 f - a +6 ring of strength (left hand)
 i - a +6 ring of strength (right hand)
 E - an amulet of reflection (around neck)
 M - a ring of see invisible
 N - a +6 ring of dexterity
Wands
 l - a wand of quicksilver (3)
 A - a wand of polymorph (3)
 O - a wand of charming (5) (quivered)
Scrolls
 a - a scroll of enchant weapon
 B - 6 scrolls of identify
 C - a scroll of fog
 F - a scroll of fear
 G - a scroll of brand weapon
 J - 2 scrolls of blinking
 L - 2 scrolls of enchant armour
Potions
 c - a potion of berserk rage
 e - 2 potions of degeneration
 g - a potion of haste
 h - 2 potions of heal wounds
 m - a potion of ambrosia {unknown}
 n - 4 potions of attraction
 p - 7 potions of curing
 q - 5 potions of might
 r - 5 potions of cancellation
 s - 6 potions of flight
 t - 2 potions of brilliance {unknown}
 u - 4 potions of magic
 v - 6 potions of lignification
 w - 3 potions of invisibility
 D - 2 potions of resistance {unknown}
 P - a potion of mutation {unknown}


   Skills:
 + Level 10.3 Fighting
 + Level 7.8 Short Blades
 + Level 7.8 Long Blades
 + Level 10.3 Axes
 + Level 7.8 Maces & Flails
 + Level 7.8 Polearms
 + Level 7.8 Staves
 + Level 7.8 Ranged Weapons
 + Level 7.8 Throwing
 + Level 9.2 Armour
 + Level 9.2 Dodging
 + Level 7.8 Stealth
 + Level 7.8 Shields
 + Level 7.8 Unarmed Combat
 + Level 7.8 Spellcasting
 + Level 6.5 Conjurations
 + Level 6.5 Hexes
 + Level 6.5 Summonings
 + Level 6.5 Necromancy
 + Level 6.5 Translocations
 + Level 6.5 Transmutations
 + Level 6.5 Fire Magic
 + Level 6.5 Ice Magic
 + Level 6.5 Air Magic
 + Level 6.5 Earth Magic
 + Level 6.5 Poison Magic
 + Level 8.6 Invocations
 + Level 7.8 Evocations


You had 26 spell levels left.
You didn't know any spells.
Your spell library was empty.

Dungeon Overview and Level Annotations

Branches:
Dungeon (13/15)            Temple (0/1) D:4            Lair (0/5) D:11
    Orc (0/2) D:11        Ossuary (visited)
 Vaults: D:13-14

Altars:
Cheibriados
Elyvilon
Fedhas
Hepliaklqana
Makhleb
Qazlal
Uskayaw
Xom
Yredelemnul

Shops:
D:5 *   D:6 (   D:7 *   D:9 ?   D:12 *


Innate Abilities, Weirdness & Mutations

You have very sharp teeth.
Your uncanny sense of smell can sniff out nearby items.
Your experience applies equally to all skills.


Message History

Two slime creatures merge to form a very large slime creature.
The skeletal warrior barely misses you.
As you read the scroll of teleportation, it crumbles to dust.
You feel strangely unstable.
The skeletal warrior completely misses you.
You slice the skeletal warrior!!
You destroy the skeletal warrior!
Trog accepts your kill.
You barely miss the very large slime creature.
You completely miss the skeletal warrior.
Your +3 battleaxe of the Tooth {spect, +Blink rCorr} hits the very large slime creature!
The skeletal warrior hits you with a +0 war axe.
You completely miss the skeletal warrior.
You slice the very large slime creature!!
You hit the skeletal warrior.
Your +3 battleaxe of the Tooth {spect, +Blink rCorr} hits the very large slime creature!!
Your +3 battleaxe of the Tooth {spect, +Blink rCorr} closely misses the skeletal warrior.
A skeletal warrior comes into view. It is wielding a +0 flail.
The skeletal warrior hits you with a +0 dire flail!
* * * LOW HITPOINT WARNING * * *
A very large slime creature splits.
Two slime creatures merge to form a very large slime creature.
You block the skeletal warrior's attack.
Two slime creatures merge to form an enormous slime creature.
The skeletal warrior barely misses you.
The skeletal warrior hits you with a +0 dire flail!
* * * LOW HITPOINT WARNING * * *
You block the skeletal warrior's attack.
You closely miss the skeletal warrior. You slice the enormous slime creature!!
You hit the skeletal warrior but do no damage.
You hit the skeletal warrior.
Your +3 battleaxe of the Tooth {spect, +Blink rCorr} hits the enormous slime creature!
Your +3 battleaxe of the Tooth {spect, +Blink rCorr} hits the slime creature!
You kill the slime creature!
Trog accepts your kill.
Your +3 battleaxe of the Tooth {spect, +Blink rCorr} hits the skeletal warrior!
The enormous slime creature barely misses you.
The skeletal warrior closely misses you.
The skeletal warrior hits you with a +0 war axe!!
You die...

#....#
#.#....#
#.#..<.#
#z#....#
#.#....# #
#.#....# .#
#.####'#..#
#zz§§.....#
#z@.......#
#..J§.....#
#.§(.........
#...?.........
#.............
#........#####
#........#
##.......#


You could see 4 skeletal warriors, an enormous slime creature and a friendly +3
battleaxe of the Tooth {spect, +Blink rCorr} (summoned).

Vanquished Creatures
  Fannar (D:12)
  A two-headed ogre (D:11)
  2 skeletal warriors
  The ghost of bakla the Ruffian, a novice TrMo of Wu Jian (D:5)
  A manticore (D:12)
  2 cyclopes
  4 ugly things
  Joseph (D:8)
  Maggie (D:7)
  An unseen horror (D:12)
  Grinder (D:3)
  4 trolls
  A hornet (D:8)
  2 slime creatures (D:13)
  2 shadows
  2 wyverns (D:9)
  2 basilisks (D:12)
  A vampire (D:9)
  18 yaks
  8 vampire mosquitoes
  4 wraiths
  2 steam dragons
  An acid dragon (D:9)
  3 water moccasins
  Duvessa (D:5)
  3 ice beasts
  2 black bears
  4 orc warriors
  9 centaurs
  A phantom (D:6)
  5 kobold brigands
  An elf zombie (Ossuary)
  A gnoll sergeant (D:9)
  4 necrophages
  3 scorpions
  6 bullfrogs
  13 wights
  Dowan (D:5)
  4 killer bees
  8 howler monkeys
  2 hounds
  3 jellies (D:5)
  15 orc priests
  4 iguanas
  19 orc wizards
  4 mummies
  9 adders
  2 shadow imps
  2 white imps
  2 ufetubi
  5 dart slugs
  45 orcs
  4 endoplasms
  2 giant cockroaches
  5 goblins
  2 hobgoblins
  13 jackals
  3 quokkas
  2 ball pythons (D:2)
  2 bats (D:2)
  6 frilled lizards
  4 goblin zombies (Ossuary)
  3 hobgoblin zombies (Ossuary)
  25 kobolds
  4 kobold zombies (Ossuary)
  3 rats
  2 rat zombies (D:7)
324 creatures vanquished.

Vanquished Creatures (collateral kills)
  4 yaks (D:10)
  A wyvern (D:10)
5 creatures vanquished.

Vanquished Creatures (others)
  8 plants (D:6)
8 creatures vanquished.

Grand Total: 337 creatures vanquished

Notes
Turn   | Place    | Note
-------+----------+-------------------------------------------
     0 | D:1      | lonewolfV2 the Gnoll Berserker began the quest for the Orb.
     0 | D:1      | Reached XP level 1. HP: 23/23 MP: 1/1
   202 | D:1      | Reached XP level 2. HP: 24/29 MP: 2/2
  1366 | D:2      | Identified the +2 helmet of Spite {Str+3 Int-3 Slay+3}
  1523 | D:2      | Identified the +2 robe "Lyguogue" {Drain rC+ Dex+4}
  1612 | D:2      | Identified a scroll of acquirement
  1612 | D:2      | Acquired the +3 battleaxe of the Tooth {spect, +Blink
                  | rCorr}
  2012 | D:2      | Reached XP level 3. HP: 34/35 MP: 3/3
  2311 | D:3      | Reached ** piety under Trog
  2312 | D:3      | Reached skill level 1 in Invocations
  2367 | D:3      | Reached skill level 1 in Short Blades
  2367 | D:3      | Reached skill level 1 in Long Blades
  2367 | D:3      | Reached skill level 1 in Maces & Flails
  2367 | D:3      | Reached skill level 1 in Polearms
  2367 | D:3      | Reached skill level 1 in Staves
  2367 | D:3      | Reached skill level 1 in Ranged Weapons
  2367 | D:3      | Reached skill level 1 in Throwing
  2367 | D:3      | Reached skill level 1 in Stealth
  2367 | D:3      | Reached skill level 1 in Shields
  2367 | D:3      | Reached skill level 1 in Unarmed Combat
  2367 | D:3      | Reached skill level 1 in Spellcasting
  2367 | D:3      | Reached skill level 1 in Evocations
  2395 | D:3      | Noticed a scorpion
  2399 | D:3      | Killed a scorpion
  2400 | D:3      | Reached skill level 1 in Conjurations
  2400 | D:3      | Reached skill level 1 in Hexes
  2400 | D:3      | Reached skill level 1 in Summonings
  2400 | D:3      | Reached skill level 1 in Necromancy
  2400 | D:3      | Reached skill level 1 in Translocations
  2400 | D:3      | Reached skill level 1 in Transmutations
  2400 | D:3      | Reached skill level 1 in Fire Magic
  2400 | D:3      | Reached skill level 1 in Ice Magic
  2400 | D:3      | Reached skill level 1 in Air Magic
  2400 | D:3      | Reached skill level 1 in Earth Magic
  2400 | D:3      | Reached skill level 1 in Poison Magic
  2400 | D:3      | Reached XP level 4. HP: 41/41 MP: 3/5
  2403 | D:3      | Noticed Grinder
  2409 | D:3      | Reached XP level 5. HP: 46/47 MP: 4/7
  2412 | D:3      | Killed Grinder
  2413 | D:3      | Reached skill level 5 in Armour
  2413 | D:3      | Reached skill level 5 in Dodging
  2413 | D:3      | Reached XP level 6. HP: 39/53 MP: 5/9
  2979 | D:3      | Found a hazy altar of Hepliaklqana.
  3117 | D:4      | Reached XP level 7. HP: 60/60 MP: 10/10
  3204 | D:4      | Found a staircase to the Ecumenical Temple.
  3233 | D:4      | Noticed a steam dragon
  3237 | D:4      | Killed a steam dragon
  4148 | D:5      | Entered Level 5 of the Dungeon
  4153 | D:5      | Noticed Dowan
  4154 | D:5      | Noticed Duvessa
  4159 | D:5      | Killed Dowan
  4164 | D:5      | Killed Duvessa
  4164 | D:5      | Reached *** piety under Trog
  4552 | D:5      | Found a runed translucent door.
  4556 | D:5      | Noticed bakla's ghost (novice TrMo)
  4582 | D:5      | Reached XP level 8. HP: 65/67 MP: 12/12
  4602 | D:5      | Killed bakla's ghost
  5111 | D:5      | Found Dodeleic's Elemental Accessories.
  5122 | D:5      | Reached XP level 9. HP: 70/73 MP: 14/14
  5367 | D:5      | Found a blossoming altar of Fedhas.
  5899 | D:6      | Found a snail-covered altar of Cheibriados.
  5945 | D:6      | Found Fuibaiv's Weapon Shoppe.
  6301 | D:6      | Found a white marble altar of Elyvilon.
  6693 | D:6      | Found a basalt altar of Yredelemnul.
  6843 | D:7      | Found a stormy altar of Qazlal.
  6911 | D:7      | Reached skill level 5 in Invocations
  7160 | D:7      | Reached **** piety under Trog
  7201 | D:7      | Found a shimmering altar of Xom.
  7218 | D:7      | Found a hide-covered altar of Uskayaw.
  7407 | D:7      | Found Wukeadin's Assorted Antiques.
  7462 | D:7      | Found a sand-covered staircase.
  7472 | Ossuary  | Entered an ossuary
  7793 | Ossuary  | Reached skill level 5 in Short Blades
  7793 | Ossuary  | Reached skill level 5 in Long Blades
  7793 | Ossuary  | Reached skill level 5 in Maces & Flails
  7793 | Ossuary  | Reached skill level 5 in Polearms
  7793 | Ossuary  | Reached skill level 5 in Staves
  7793 | Ossuary  | Reached skill level 5 in Ranged Weapons
  7793 | Ossuary  | Reached skill level 5 in Throwing
  7793 | Ossuary  | Reached skill level 5 in Stealth
  7793 | Ossuary  | Reached skill level 5 in Shields
  7793 | Ossuary  | Reached skill level 5 in Unarmed Combat
  7793 | Ossuary  | Reached skill level 5 in Spellcasting
  7793 | Ossuary  | Reached skill level 5 in Evocations
  7793 | Ossuary  | Reached XP level 10. HP: 80/81 MP: 17/17
  8004 | D:7      | Noticed Maggie
  8017 | D:7      | Killed Maggie
  8508 | D:8      | Reached ***** piety under Trog
  9277 | D:8      | Noticed Joseph
  9297 | D:8      | Killed Joseph
  9772 | D:9      | Found Nompoqap's Magic Scroll Shop.
  9810 | D:9      | Received a gift from Trog
  9810 | D:9      | Found the +8 autumn katana {vorpal, manifold assault}
  9855 | D:9      | Reached skill level 5 in Conjurations
  9855 | D:9      | Reached skill level 5 in Hexes
  9855 | D:9      | Reached skill level 5 in Summonings
  9855 | D:9      | Reached skill level 5 in Necromancy
  9855 | D:9      | Reached skill level 5 in Translocations
  9855 | D:9      | Reached skill level 5 in Transmutations
  9855 | D:9      | Reached skill level 5 in Fire Magic
  9855 | D:9      | Reached skill level 5 in Ice Magic
  9855 | D:9      | Reached skill level 5 in Air Magic
  9855 | D:9      | Reached skill level 5 in Earth Magic
  9855 | D:9      | Reached skill level 5 in Poison Magic
  9859 | D:9      | Reached XP level 11. HP: 60/89 MP: 20/20
  9989 | D:9      | Noticed a cyan ugly thing
  9994 | D:9      | Killed a cyan ugly thing
 10739 | D:9      | Found a burning altar of Makhleb.
 10747 | D:9      | Identified the +1 robe of the Tuna {Will+}
 10851 | D:9      | Noticed a five-headed hydra
 10857 | D:9      | Noticed a skeletal warrior
 11240 | D:9      | Killed a skeletal warrior
 11400 | D:10     | Entered Level 10 of the Dungeon
 11563 | D:10     | Noticed a cyan ugly thing
 11570 | D:10     | Killed a cyan ugly thing
 11879 | D:10     | Received a gift from Trog
 12215 | D:10     | Reached XP level 12. HP: 63/97 MP: 22/22
 12551 | D:11     | Found a staircase to the Orcish Mines.
 12572 | D:11     | Found a staircase to the Lair.
 13089 | D:11     | Noticed a two-headed ogre
 13098 | D:11     | Killed a two-headed ogre
 13216 | D:11     | Reached skill level 10 in Fighting
 13216 | D:11     | Reached skill level 10 in Axes
 14164 | D:12     | Found Jotourgho's General Store.
 14755 | D:12     | Noticed Fannar
 14771 | D:12     | Killed Fannar
 14871 | D:12     | Found a snail-covered altar of Cheibriados.
 15237 | D:13     | Demolished by a skeletal warrior

Illustrated notes

Levels and vault maps discovered:
D:1:      kilobyte_arrival_exit_the_forest, layout_basic, nicolae_titane
D:2:      minmay_inner_zag, layout_basic, kennysheep_generic_room_7
D:3:      layout_basic, nicolae_hepliaklqana_hippocampus,
          kennysheep_generic_room_10, uniq_grinder
D:4:      layout_cave_pools, minmay_temple_entry_offerings,
          serial_co_window_serial, co_window_corner_a, co_window_paths_a,
          co_window_paths_a, co_window_corner_a, co_window_paths_b,
          co_window_unsneaky_path_d, co_window_broadway_b, co_window_broadway_c,
          co_window_of_opportunity_c, co_window_unsneaky_path_d,
          co_window_broadway_b, glass_columns_b, glass_columns_c,
          minmay_misc_feat_nine_boxes, minmay_statues_item
D:5:      layout_layer_cave, mainiacjoe_overflow_tiny_flanked,
          ebering_ghost_sewer_d, nicolae_elemental_shop, water_boxes_lemuel,
          uniq_duvessa
D:6:      layout_loops_cross, nicolae_elyvilon_temple_path, kennysheep_mini,
          mainiacjoe_overflow_boulevard, serial_shops,
          nicolae_shop_behind_doors, st_stairs_2, hangedman_glass_teeth,
          glass_columns_b, chequers_serial_rivers_room_a
D:7:      layout_gridville, mainiacjoe_overflow_large_starburst,
          mainiacjoe_overflow_cross_hatched, enter_ossuary_4, serial_shops,
          nicolae_shop_stone, serial_park_tiny_pond, uniq_maggie
D:8:      layout_gridville, minmay_starry_boxes, uniq_joseph
D:9:      nzn_winding_woodlands_medium [nzn_winding_woodlands_5x5_three,
          nzn_winding_woodlands_5x15_cabin, nzn_winding_woodlands_hourglass,
          nzn_winding_woodlands_5x5_cross, nzn_winding_woodlands_center_lodge,
          nzn_winding_woodlands_5x5_default,
          nzn_winding_woodlands_5x5_checkerboard,
          nzn_winding_woodlands_5x15_jagged, nzn_winding_woodlands_5x5_default],
          layout_stronghold, bloody_makhleb, serial_shops,
          nicolae_shop_hallway_stairs
D:10:     layout_long_grid
D:11:     layout_grid_maze, lair_entry_dummy, orc_0_dummy
D:12:     layout_irregular_city, serial_shops, shop, slow_altar_2, uniq_fannar
D:13:     layout_irregular_city

Skill      XL: |  1  2  3  4  5  6  7  8  9 10 11 12 |
---------------+-------------------------------------+-----
Invocations    | 1 2 3 4 5 6 7 8 |  8.6
Short Blades   | 1 2 3 5 6 7 |  7.8
Long Blades    | 1 2 3 5 6 7 |  7.8
Maces & Flails | 1 2 3 5 6 7 |  7.8
Polearms       | 1 2 3 5 6 7 |  7.8
Staves         | 1 2 3 5 6 7 |  7.8
Ranged Weapons | 1 2 3 5 6 7 |  7.8
Throwing       | 1 2 3 5 6 7 |  7.8
Stealth        | 1 2 3 5 6 7 |  7.8
Shields        | 1 2 3 5 6 7 |  7.8
Unarmed Combat | 1 2 3 5 6 7 |  7.8
Spellcasting   | 1 2 3 5 6 7 |  7.8
Evocations     | 1 2 3 5 6 7 |  7.8
Conjurations   | 1 2 3 4 5 6 |  6.5
Hexes          | 1 2 3 4 5 6 |  6.5
Summonings     | 1 2 3 4 5 6 |  6.5
Necromancy     | 1 2 3 4 5 6 |  6.5
Translocations | 1 2 3 4 5 6 |  6.5
Transmutations | 1 2 3 4 5 6 |  6.5
Fire Magic     | 1 2 3 4 5 6 |  6.5
Ice Magic      | 1 2 3 4 5 6 |  6.5
Air Magic      | 1 2 3 4 5 6 |  6.5
Earth Magic    | 1 2 3 4 5 6 |  6.5
Poison Magic   | 1 2 3 4 5 6 |  6.5
Armour         | 5 6 7 8 9 |  9.2
Dodging        | 5 6 7 8 9 |  9.2
Fighting       | 7 8 9 10 | 10.3
Axes           | 7 8 9 10 | 10.3

Action                   |  1- 3 |  4- 6 |  7- 9 | 10-12 || total
-------------------------+-------+-------+-------+-------++-------
Melee: Hand axe          |    33 |       |       |       ||    33
       Bite              |     1 |     3 |    20 |    38 ||    62
       Battleaxe         |    23 |    18 |   154 |   258 ||   453
Throw: Throwing net      |       |       |       |     1 ||     1
Invok: Berserk           |       |       |       |     1 ||     1
       Trog's Hand       |       |       |       |     1 ||     1
       Brothers in Arms  |       |       |       |     1 ||     1
 Abil: Evoke Blink       |     1 |       |     1 |     1 ||     3
Evoke: Wand              |       |       |       |     5 ||     5
  Use: Scroll            |    12 |       |     5 |     9 ||    26
       Potion            |       |       |       |     3 ||     3
 Stab: Sleeping          |     2 |     1 |     3 |     5 ||    11
       Distracted        |       |       |     1 |     3 ||     4
Armor: Animal skin       |     5 |       |       |       ||     5
       Robe              |    10 |     6 |    50 |   120 ||   186
Dodge: Dodged            |    46 |    12 |    98 |   318 ||   474
Block: Other             |       |       |       |    21 ||    21
       Reflection        |       |       |       |     1 ||     1
